 Dungeon Crawl Stone Soup version 0.31-a0-66-ge618eeaa78 (webtiles) character file.

Game seed: 2807846682152876831

262 LobsterGuardian the Chopper (level 6, 0/48 HPs)
             Began as a Human Berserker on May 23, 2023.
             Was a Believer of Trog.
             Succumbed to a scorpion's poison
             ... on level 4 of the Dungeon.
             The game lasted 00:04:45 (3227 turns).

LobsterGuardian the Chopper (Human Berserker)       Turns: 3227, Time: 00:04:46

Health: 0/48       AC:  9    Str: 25    XL:     6   Next: 42%
Magic:  6/6        EV:  9    Int:  7    God:    Trog [**....]
Gold:   162        SH:  0    Dex: 13    Spells: 5/5 levels left

rFire   x . .        a - +0 hand axe
rCold   . . .        (no shield)
rNeg    . . .        q - +0 chain mail
rPois   .            (helmet restricted)
rElec   .            (no cloak)
rCorr   .            (no gloves)
SInv    .            g - +0 pair of boots
Will    +....        (no amulet) Stlth
                     e - +6 ring of strength
HPRegen 0.28/turn    l - ring of willpower
MPRegen 0.10/turn

%: no passive effects
@: mighty, lethally poisoned (0 -> -1), on berserk cooldown, attractive, slowed,
very slow
A: horns 1, heat vulnerability 1
a: Renounce Religion, Berserk, Trog's Hand


You were on level 4 of the Dungeon.
You worshipped Trog.
Trog was pleased with you.
You visited 1 branch of the dungeon, and saw 4 of its levels.

You collected 162 gold pieces.

Inventory:

Hand Weapons
 a - a +0 hand axe (weapon)
Armour
 g - a +0 pair of boots (worn)
 q - a +0 chain mail (worn)
Jewellery
 e - a +6 ring of strength (left hand)
 l - a ring of willpower (right hand)
Scrolls
 b - a scroll of brand weapon {unknown}
 d - a scroll of immolation {unknown}
 h - a scroll of enchant armour {unknown}
 i - a scroll of torment {unknown}
 n - a scroll of enchant weapon {unknown}
 o - a scroll of amnesia {unknown}
Potions
 f - a potion of haste
 j - a potion of brilliance


   Skills:
 + Level 3.9 Fighting
 * Level 6.2 Axes
 - Level 2.0 Armour
 - Level 2.0 Dodging


You had 5 spell levels left.
You didn't know any spells.
Your spell library was empty.

Dungeon Overview and Level Annotations

Branches:
Dungeon (4/15)
 Temple: D:4-7

Altars:
Dithmenos
Makhleb
Sif Muna
Trog
Zin


Innate Abilities, Weirdness & Mutations

You have a pair of small horns on your head.
You are vulnerable to heat. (rF-)


Message History

The scorpion poisons you!
You slash the scorpion!
You kill the scorpion!
Trog accepts your kill.
You feel very sick.
Your Axes skill increases to level 6!
You slam the door shut with a bang!
You feel very sick.
Calm down first, please.
You start resting.
You feel a strong urge to attack something.
You feel sick.
You start resting.
You feel sick.
You feel your anger nearly subside.
You are no longer berserk.
You are exhausted.
You feel yourself slow down.
* * * LOW HITPOINT WARNING * * *
You feel sick.
There is a lethal amount of poison in your body!
It was a potion of mutation.
You feel extremely strange.
Iridescent scales grow over part of your body.
* * * LOW HITPOINT WARNING * * *
You feel very sick.
It was a potion of attraction.
You feel attractive to monsters.
* * * LOW HITPOINT WARNING * * *
You feel sick.
It was a potion of might.
You feel very mighty all of a sudden.
* * * LOW HITPOINT WARNING * * *
You feel sick.
It was a potion of berserk rage.
You're still recovering from your berserk rage.
* * * LOW HITPOINT WARNING * * *
You feel sick.
Really quaff the potion of mutation?
You feel extremely strange.
Your iridescent scales disappear.
You feel vulnerable to heat. A pair of horns grows on your head!
You die...

#.'...+.#
#####...### ####
+.#.......# +.#.
###.#'#...#+# ###.#'
#.....#...# #.....
+.....##+## +.....
#.....# ..# #.....
###.#+#...#+#
#####.#' +.#@†.....#
+...'.#.
#####...#####...####
...+ #.......## ###
#+#...#+## #...# #
##'## . ##.# #
#+#..# # #..).#


There were no monsters in sight!

Vanquished Creatures
  A scorpion (D:4)
  A hound (D:4)
  2 orc priests (D:3)
  3 adders
  2 worms
  3 dart slugs
  2 orcs (D:3)
  6 ball pythons
  6 bats
  4 endoplasms
  A giant cockroach (D:1)
  6 goblins
  12 hobgoblins
  4 jackals (D:4)
  2 quokkas
  A frilled lizard (D:2)
  3 kobolds
  9 rats
68 creatures vanquished.

Notes
Turn   | Place    | Note
-------+----------+-------------------------------------------
     0 | D:1      | LobsterGuardian the Human Berserker began the quest for the
                  | Orb.
     0 | D:1      | Reached XP level 1. HP: 18/18 MP: 1/1
   214 | D:1      | Reached XP level 2. HP: 22/24 MP: 2/2
   920 | D:2      | Reached XP level 3. HP: 29/29 MP: 3/3
  1095 | D:2      | Reached skill level 4 in Axes
  1203 | D:2      | Reached XP level 4. HP: 21/35 MP: 4/4
  1493 | D:2      | Found a bloodstained altar of Trog.
  2051 | D:3      | Found a shimmering blue altar of Sif Muna.
  2076 | D:3      | Reached ** piety under Trog
  2277 | D:3      | Reached skill level 5 in Axes
  2277 | D:3      | Reached XP level 5. HP: 15/41 MP: 5/5
  2496 | D:3      | Found a shadowy altar of Dithmenos.
  2992 | D:4      | Found a burning altar of Makhleb.
  2996 | D:4      | Found a glowing silver altar of Zin.
  2996 | D:4      | Noticed a blizzard demon
  2996 | D:4      | Noticed an angel
  3009 | D:4      | Reached XP level 6. HP: 48/48 MP: 6/6
  3219 | D:4      | Reached skill level 6 in Axes
  3223 | D:4      | Gained mutation: You are partially covered in iridescent
                  | scales. (AC +2) [potion of mutation]
  3226 | D:4      | HP: 2/48 [poisoned by a scorpion]
  3227 | D:4      | Lost mutation: You are partially covered in iridescent
                  | scales. (AC +2) [potion of mutation]
  3227 | D:4      | Gained mutation: You are vulnerable to heat. (rF-) [potion
                  | of mutation]
  3227 | D:4      | Gained mutation: You have a pair of small horns on your
                  | head. [potion of mutation]
  3227 | D:4      | Succumbed to a scorpion's poison

Illustrated notes

Levels and vault maps discovered:
D:1:      matt_arrival_grand_opening, layout_basic
D:2:      layout_basic, serial_rivers, chequers_serial_rivers_micro_b,
          chequers_serial_rivers_room_b, chequers_serial_rivers_large_b,
          chequers_serial_rivers_micro_d, basic_altar
D:3:      layout_basic, grunt_dithmenos_smoke_and_mirrors,
          mainiacjoe_overflow_brackets
D:4:      nicolae_cairo_tiling_large, layout_loops_ring,
          grunt_temple_overflow_order_and_chaos_2

Skill      XL: |  1  2  3  4  5  6 |
---------------+-------------------+-----
Axes           | 4 5 6 |  6.2
Fighting       | |  3.9
Armour         | |  2.0
Dodging        | |  2.0

Action                     |  1- 3 |  4- 6 || total
---------------------------+-------+-------++-------
  Melee: Hand axe          |    78 |   130 ||   208
         Punch             |       |     1 ||     1
 Invoke: Berserk           |     3 |     4 ||     7
    Use: Scroll            |     2 |     2 ||     4
         Potion            |     1 |     5 ||     6
   Stab: Sleeping          |       |     1 ||     1
 Armour: Animal skin       |    18 |    21 ||    39
         Chain mail        |       |    16 ||    16
  Dodge: Dodged            |    54 |    77 ||   131

Table legend: (Time is in decaauts)
 A = Elapsed time spent in this place.
 B = Non-inter-level travel time spent in this place.
 C = Inter-level travel time spent in this place.
 D = Time resting spent in this place.
 E = Time spent auto-exploring this place.
 F = Levels seen in this place.
 G = Mean time per level.
                   A        B        C        D        E       F      G
               +--------+--------+--------+--------+--------+-----+--------+
         Total |   3330 |   3143 |    187 |    240 |   2409 |   4 |  832.5 |
       Dungeon |   3330 |   3143 |    187 |    240 |   2409 |   4 |  832.5 |
               +--------+--------+--------+--------+--------+-----+--------+

Top non-repeatable levels by time:
     D:2: 1216 daAuts
     D:1: 916 daAuts
     D:3: 746 daAuts
     D:4: 450 daAuts
